AoeStats
← RenHar

Arena

510051052Analyzed
3v3 RM · 2d ago on Sep 29, 2026· 40m 17s· 6 players
Game mode
Random Map
Map size
Normal (6 player)
Population
200
Speed
Normal
Resources
Standard
Victory
Conquest
Starting age
Dark Age
Ending age
Imperial Age
RankedLock teamsTeams togetherTeam positionsShared explorationLock speedFull tech treeHidden civsTurbo modeCheats
Victory
Defeat
🇺🇸 Mongols · United States
1201
+8
🇳🇱 Saracens · Netherlands
898
+20
🇦🇷 Franks · Argentina
867
+20
🇦🇺 Hindustanis · Australia
1044
-18
🇩🇪 Saxons · Germany
1008
-17
🇧🇪 Goths · Belgium
924
-13
Admw
11:03 Feudal Age
12:08 Double-Bit Axe
14:59 Castle Age
12:51 Horse Collar
16:18 Bow Saw
16:09 Heavy Plow
19:19 Loom
19:49 Town Watch
20:40 Wheelbarrow
23:20 Bloodlines
26:35 Light Cavalry
32:53 Imperial Age
Big Olaf
9:58 Feudal Age
10:38 Double-Bit Axe
10:34 Horse Collar
17:20 Castle Age
17:54 Man-at-Arms
18:48 Bow Saw
20:06 Fletching
21:07 Crossbowman
22:53 Padded Archer Armor
25:32 Leather Archer Armor
25:14 Pikeman
26:50 Long Swordsman
28:34 Gold Mining
28:55 Heavy Plow
30:29 Wheelbarrow
29:40 Loom
29:41 Town Watch
31:28 Gold Shaft Mining
31:50 Forging
32:32 Hand Cart
32:21 Scale Mail Armor
32:46 Gambesons
33:01 Squires
32:46 Arson
33:43 Iron Casting
34:06 Chain Mail Armor
37:57 Imperial Age
38:22 Capped Ram
38:28 Shield Wall
40:11 Two-Man Saw
39:43 Crop Rotation
38:43 Two-Handed Swordsman
40:19 Ballistics
40:59 Chemistry
39:46 Champion
bundy
13:25 Feudal Age
14:20 Gold Mining
14:20 Double-Bit Axe
17:04 Castle Age
14:55 Horse Collar
16:18 Stone Mining
18:21 Stone Shaft Mining
21:35 Heavy Plow
23:02 Wheelbarrow
25:31 Hand Cart
26:39 Bow Saw
27:58 Forging
32:41 Imperial Age
30:54 Anarchy
31:37 Squires
31:39 Scale Mail Armor
32:23 Iron Casting
32:41 Chain Mail Armor
32:05 Pikeman
33:06 Fletching
33:30 Perfusion
36:46 Chemistry
37:51 Blast Furnace
fingerless7597
10:38 Feudal Age
12:15 Double-Bit Axe
14:31 Castle Age
12:33 Horse Collar
16:23 Wheelbarrow
16:26 Heavy Plow
19:39 Bow Saw
19:26 Loom
20:42 Town Watch
22:42 Hand Cart
24:55 Gold Mining
24:56 Stone Mining
29:10 Imperial Age
27:19 Fletching
28:20 Bodkin Arrow
28:25 Padded Archer Armor
28:49 Ballistics
28:44 Bloodlines
28:34 Husbandry
27:56 Light Cavalry
29:07 Forging
29:02 Scale Barding Armor
29:44 Nomads
30:06 Leather Archer Armor
29:54 Bracer
30:55 Chemistry
30:40 Gold Shaft Mining
30:41 Stone Shaft Mining
31:24 Conscription
33:01 Iron Casting
32:46 Chain Barding Armor
33:15 Elite Mangudai
34:07 Murder Holes
36:01 Blast Furnace
35:00 Hussar
36:54 Parthian Tactics
36:34 Thumb Ring
DemureHarp13849
6:44 Loom
9:38 Feudal Age
15:35 Castle Age
14:22 Double-Bit Axe
14:36 Horse Collar
21:01 Gold Mining
21:06 Stone Mining
21:26 Scale Barding Armor
22:47 Wheelbarrow
21:58 Town Watch
23:42 Gold Mining
24:30 Chain Barding Armor
24:21 Forging
25:09 Bow Saw
26:49 Iron Casting
26:51 Bloodlines
27:29 Husbandry
27:53 Ballistics
35:17 Imperial Age
33:04 Hand Cart
36:38 Gold Shaft Mining
35:53 Elite Mameluke
36:59 Conscription
37:13 Scale Mail Armor
39:39 Fletching
40:28 Plate Barding Armor
40:54 Blast Furnace
39:46 Fletching
RenHar
9:31 Loom
11:17 Feudal Age
17:18 Castle Age
16:23 Double-Bit Axe
18:11 Fletching
19:58 Pikeman
27:30 Stone Mining
28:48 Murder Holes
28:52 Bodkin Arrow
32:47 Bow Saw
34:38 Bow Saw
39:41 Gold Mining
Connection lost

Rejoining the realm…

Still unreachable

The connection could not be restored.

Session expired

The server has moved on; the page needs a fresh start.